 Dungeon Crawl Stone Soup version 0.26.1-2-gb8aa6d0cf2 (webtiles) character file.

Game seed: 2243979958836744956

188179 raph the Lord of Darkness (level 17, -27/150 HPs)
             Began as a Deep Dwarf Necromancer on Mar 27, 2021.
             Was the Champion of Kikubaaqudgha.
             Annihilated by a very large slime creature (60 damage)
             ... on level 1 of the Vaults.
             The game lasted 02:37:18 (55884 turns).

raph the Lord of Darkness (Deep Dwarf Necromancer) Turns: 55884, Time: 02:37:19

Health: -27/150    AC: 22    Str: 18    XL:     17   Next: 46%
Magic:  9/33       EV: 21    Int: 23    God:    Kikubaaqudgha [******]
Gold:   1117       SH:  8    Dex: 21    Spells: 2/40 levels left

rFire    . . .     SeeInvis .   a - +6 dagger (pain)
rCold    . . .     Faith    .   Y - +2 buckler {rPois}
rNeg     + . .     Spirit   .   O - +2 robe {Archmagi}
rPois    +         Reflect  .   h - +2 helmet {Int+3}
rElec    +         Harm     .   n - +2 cloak
rCorr    .         Rampage  .   U - +2 pair of gloves {Str+3}
Will     ++...                  D - +2 pair of boots {Stlth+}
Stlth    ++++++....             R - amulet of magic regeneration
HPRegen  0.00/turn              u - ring "Peschur" {rElec Str+2 Dex+6}
MPRegen  0.48/turn              q - +4 ring of protection

@: non-regenerating, hasted, very quick
A: damage resistance, heal wounds, negative energy resistance 1, sense
surroundings 2, no regeneration
}: 1/15 runes: barnacled
a: Heal Wounds, Renounce Religion, Receive Corpses, Torment, Brand Weapon With
Pain, Receive Necronomicon


You were on level 1 of the Vaults.
You worshipped Kikubaaqudgha.
Kikubaaqudgha was exalted by your worship.
You visited 6 branches of the dungeon, and saw 32 of its levels.

You collected 3752 gold pieces.
You spent 2635 gold pieces at shops.

Inventory:

Hand Weapons
 a - a +6 dagger of pain (weapon)
 Q - a +3 short sword
 S - a +1 dagger of speed
Missiles
 i - 844 stones
Armour
 h - a +2 helmet of intelligence (worn)
 n - a +2 cloak (worn)
 D - a +2 pair of boots of stealth (worn)
 O - a +2 robe of the Archmagi (worn)
 U - a +2 pair of gloves of strength (worn)
 Y - a +2 buckler of poison resistance (worn)
Magical Staves
 b - an uncursed staff of death
Jewellery
 q - a +4 ring of protection (right hand)
 u - the ring "Peschur" (left hand) {rElec Str+2 Dex+6}
   (You bought it in a shop on level 2 of the Orcish Mines)

   [ring of dexterity]

   It affects your strength (+2).
   It affects your dexterity (+6).
   It insulates you from electricity.
 y - a +4 ring of protection
 C - a +6 ring of strength
 M - a +4 ring of evasion
 N - an uncursed ring of see invisible
 R - an amulet of magic regeneration (around neck)
Wands
 m - a wand of flame (31)
 o - a wand of enslavement (19)
 t - a wand of polymorph (53)
 G - a wand of acid (69)
 H - a wand of disintegration (58)
 J - a wand of paralysis (14)
 K - a wand of iceblast (19)
Scrolls
 c - 7 scrolls of fear
 e - 4 scrolls of magic mapping
 f - 9 scrolls of remove curse
 g - 2 scrolls of teleportation
 r - 5 scrolls of amnesia
 x - 5 scrolls of fog
 E - 2 scrolls of blinking
 F - 2 scrolls of summoning
 I - 11 scrolls of identify
Potions
 j - 7 potions of brilliance
 l - a potion of flight
 z - 5 potions of curing
 A - 4 potions of haste
 L - 2 potions of ambrosia
 P - 4 potions of mutation
 T - 3 potions of invisibility
 V - 3 potions of berserk rage
 W - 3 potions of resistance
 X - 2 potions of cancellation
 Z - a potion of might
Miscellaneous
 w - a lightning rod (4/4)


   Skills:
 + Level 9.0 Fighting
 - Level 10.0 Short Blades
 - Level 9.2 Armour
 - Level 10.4 Dodging
 - Level 11.5 Stealth
 - Level 4.0 Shields
 * Level 12.3 Spellcasting
 * Level 18.3 Necromancy
 - Level 3.6 Ice Magic
 - Level 11.9 Earth Magic
 - Level 0.2 Evocations


You had 2 spell levels left.
You knew the following spells:

 Your Spells              Type           Power        Failure   Level
a - Pain                  Necr           100%         0%          1
b - Lee's Rapid Deconstr  Erth           40%          1%          5
c - Vampiric Draining     Necr           49%          0%          3
d - Animate Dead          Necr           49%          1%          4
e - Magic Dart            Conj           84%          4%          1
f - Blink                 Tloc           N/A          7%          2
g - Agony                 Necr           99%          1%          5
h - Borgnjor's Vile Clut  Necr/Erth      45%          1%          5
i - Dispel Undead         Necr           99%          1%          4
j - Simulacrum            Ice/Necr       38%          8%          6
k - Passwall              Tmut/Erth      48%          1%          2

Your spell library contained the following spells:

 Spells                   Type           Power        Failure   Level
 Animate Skeleton         Necr           100%         0%          1
 Sublimation of Blood     Necr           49%          0%          2
 Sandblast                Erth           100%         1%          1
 Ensorcelled Hibernation  Hex/Ice        68%          3%          2
 Beastly Appendage        Tmut           42%          4%          1
 Corona                   Hex            23%          4%          1
 Foxfire                  Conj/Fire      84%          4%          1
 Shock                    Conj/Air       84%          4%          1
 Summon Small Mammal      Summ           84%          4%          1
 Call Imp                 Summ           21%          7%          2
 Searing Ray              Conj           42%          7%          2
 Slow                     Hex            21%          7%          2
 Wereblood                Tmut           21%          7%          2
 Stone Arrow              Conj/Erth      100%         1%          3
 Excruciating Wounds      Necr           49%          1%          5
 Death Channel            Necr           49%          1%          6
 Frozen Ramparts          Ice            92%          3%          3
 Ozocubu's Armour         Ice            46%          3%          3
 Leda's Liquefaction      Hex/Erth       29%          3%          4
 Petrify                  Tmut/Erth      58%          3%          4
 Call Canine Familiar     Summ           21%          13%         3
 Confusing Touch          Hex            21%          13%         3
 Conjure Flame            Conj/Fire      21%          13%         3
 Dazzling Flash           Conj/Hex       42%          13%         3
 Inner Flame              Hex/Fire       21%          13%         3
 Mephitic Cloud           Conj/Pois/Air  21%          13%         3
 Portal Projectile        Hex/Tloc       42%          13%         3
 Spider Form              Tmut/Pois      10%          13%         3
 Summon Guardian Golem    Hex/Summ       21%          13%         3
 Tukima's Dance           Hex            21%          13%         3
 Ice Form                 Ice/Tmut       34%          21%         4
 Summon Ice Beast         Ice/Summ       34%          21%         4
 Cause Fear               Hex            10%          41%         4
 Fulminant Prism          Conj/Hex       10%          41%         4
 Sticky Flame             Conj/Fire      21%          41%         4
 Summon Lightning Spire   Summ/Air       21%          41%         4
 Statue Form              Tmut/Erth      38%          52%         6
 Blade Hands              Tmut           10%          77%         5
 Fireball                 Conj/Fire      10%          77%         5
 Irradiate                Conj/Tmut      10%          77%         5
 Silence                  Hex/Air        10%          77%         5
 Summon Demon             Summ           10%          77%         5
 Summon Forest            Summ/Tloc      10%          77%         5
 Summon Mana Viper        Hex/Summ       21%          77%         5
 Yara's Violent Unravell  Hex/Tmut       10%          77%         5
 Hydra Form               Tmut           10%          100%        6
 Shadow Creatures         Summ           N/A          100%        6
 Starburst                Conj/Fire      10%          100%        6
 Dragon Form              Tmut           10%          100%        7
 Orb of Destruction       Conj           10%          100%        7
 Summon Hydra             Summ           10%          100%        7
 Discord                  Hex            10%          100%        8


Dungeon Overview and Level Annotations

Branches:
Dungeon (15/15)            Temple (0/1) D:5            Lair (6/6) D:9
 Shoals (4/4) Lair:2       Spider (4/4) Lair:2          Orc (2/2) D:11
    Elf (0/3) Orc:2        Vaults (1/5) D:14         Depths (0/5) D:15
  Slime: Lair:5-6

Altars:
Cheibriados
Elyvilon
Fedhas
Kikubaaqudgha
Makhleb
Qazlal
Beogh
Jiyva

Shops:
D:5 !   D:6 (   D:7 [   D:8 (**   D:9 *   D:13 *   Orc:2 [(*=

Portals:
Hell: Lair:6

Annotations:
Lair:3 exclusion: 2 oklob plants
Lair:6 exclusion: 2 oklob plants


Innate Abilities, Weirdness & Mutations

You are resistant to damage.
You can heal yourself by infusing magical energy.
You resist negative energy. (rN+)
You passively map the area around you.
You do not regenerate.


Message History

Aim: a very large slime creature (moderately wounded)
You feel a surge of power!
The very large slime creature is heavily wounded.
You feel life coursing into your body! The wolf spider hits you.
The wolf spider bites you but does no damage.
A slime creature comes into view.
Casting: Vampiric Draining (safe; 0% risk of failure)
Confirm with . or Enter, or press ? or * to list all spells.
Aiming: Vampiric Draining (safe; 0% risk of failure)
Press: ? - help, Shift-Dir - straight line, f/p - very large slime creature
Aim: a very large slime creature (heavily wounded)
You feel a surge of power!
The very large slime creature is heavily wounded.
You feel life coursing into your body!
The sentinel's mark upon you fades away.
The wolf spider hits you but does no damage.
The wolf spider bites you.
The very large slime creature hits you!!!
You die...
Kikubaaqudgha rasps: "You have failed me!
Welcome... death!"

, , , , * * *, ,,
, * , , **, ',, *
, , , ##### , # ,
##.#.## ,.#
##s(#$.######'###
#@Jc.J..J........
###J#'###)..#.###
* ):.)).#...##..#
#.$#$.##J......#
##.#.###...)...##
# ### ###.......
#.......
,#..##...
.###.#...


You could see a titanic slime creature, a very large slime creature, 2 slime
creatures, a wolf spider and a yaktaur.

Vanquished Creatures
  Polyphemus (Shoals:2)
  A tengu reaver (Vaults:1)
  A sphinx (Vaults:1)
  Donald (Shoals:2)
  A frost giant (Vaults:1)
  Aizul (Spider:2)
  2 vault wardens (Vaults:1)
  An orc warlord (Orc:2)
  2 ironheart preservers
  The ghost of infcreate the Fighter, a journeyman GrFi of Okawaru (D:12)
  A caustic shrike zombie (D:15)
  Nessos (D:14)
  The ghost of kazak the Destroyer, a journeyman OpFE of Sif Muna (Orc:1)
  A spark wasp (Spider:3)
  An entropy weaver (Spider:2)
  A merfolk javelineer (Shoals:4)
  Snorg (D:14)
  The ghost of Jaiteiro the Martial Artist, a journeyman GnTm of the Shining One (D:10)
  3 merfolk impalers
  Erolcha (D:9)
  2 merfolk avatars
  The ghost of Jaiteiro the Spear-Bearer, a journeyman FoFi of Ashenzari (D:11)
  7 hydras
  A boulder beetle (D:14)
  3 vault guards
  2 ogre magi (Vaults:1)
  2 centaur warriors (D:14)
  4 catoblepae
  6 two-headed ogres
  4 merfolk aquamancers
  The ghost of sking99 the Cleaver, a novice HOFi of Qazlal (D:8)
  A satyr (Shoals:3)
  4 death yaks
  5 orc high priests (Orc:2)
  A vampire mage (D:15)
  A tengu warrior (D:15)
  A sun demon (Lair:6)
  2 unseen horrors
  10 skeletal warriors
  3 sea snakes
  A deep elf archer (Vaults:1)
  3 wizards
  The ghost of Galthrax the Chiller, a novice OpIE of Cheibriados (D:7)
  A sphinx zombie (D:15)
  9 orc knights
  6 harpies
  A necromancer (D:15)
  A phantasmal warrior (Vaults:1)
  16 wolf spiders
  The ghost of kalagan the Thaumaturge, a novice DECj of Sif Muna (D:8)
  9 orb spiders
  4 ugly things
  2 deep elf magi
  10 manticores
  3 orc sorcerers
  3 cyclopes
  A fire giant zombie (D:15)
  13 fauns
  Maurice (D:12)
  2 vault sentinels
  2 black mambas
  3 torpor snails
  2 merfolk sirens
  5 cane toads
  3 gargoyles
  8 water nymphs
  2 orange demons (Lair:6)
  6 centaur skeletons
  A freezing wraith (D:15)
  10 komodo dragons
  4 rime drakes (Lair:6)
  2 yaktaurs
  7 demonic crawlers
  An efreet (D:15)
  3 ice devils (Lair:6)
  2 meliai
  A queen bee (D:10)
  11 jumping spiders
  A red devil (Lair:6)
  12 merfolk
  A meliai (shapeshifter) (D:14)
  7 trolls
  2 hornets
  2 snapping turtles
  34 blink frogs
  11 slime creatures
  3 shadows
  2 vampires
  2 wraiths
  26 redbacks
  57 yaks
  21 tarantellas
  3 water elementals
  3 wyverns
  6 basilisks
  12 vampire mosquitoes
  A redback simulacrum (D:15)
  4 soldier ants
  2 wargs
  Edmund (D:4)
  11 water moccasins
  5 hell hounds (Lair:6)
  Duvessa (D:6)
  4 ice beasts
  32 orc warriors
  7 black bears
  A necrophage (D:10)
  2 eyes of draining (D:12)
  2 sky beasts
  9 wolves
  A phantom (D:12)
  14 ogres
  15 centaurs
  2 big kobolds
  16 bullfrogs
  Blork the orc (D:6)
  Dowan (D:6)
  4 scorpions
  A wyvern skeleton (D:11)
  32 killer bees
  15 wights
  4 howler monkeys
  A centaur zombie (D:5)
  8 electric eels
  A lava snake (D:9)
  4 bullfrog zombies
  A wyvern simulacrum (D:14)
  3 jellies
  A quasit (D:10)
  A bullfrog skeleton (D:10)
  9 orc priests
  3 hounds
  11 orc wizards
  Crazy Yiuf (D:2)
  10 iguanas
  7 hell rats
  4 worker ants
  A killer bee zombie (D:5)
  A hound skeleton (D:9)
  4 gnolls (D:2)
  10 adders
  3 shadow imps
  3 white imps
  An ooze (D:1)
  4 ufetubi
  3 adder skeletons
  3 worms
  3 dart slugs
  7 leopard geckos
  72 orcs
  2 giant cockroaches
  8 goblins
  5 hobgoblins
  10 jackals
  7 quokkas
  3 ball pythons
  5 bats
  7 frilled lizards
  13 kobolds
  A leopard gecko skeleton (D:8)
  3 rats
883 creatures vanquished.

Vanquished Creatures (collateral kills)
  2 merfolk impalers (Shoals:4)
  2 merfolk avatars (Shoals:4)
  3 merfolk aquamancers
  A death yak (Shoals:1)
  2 sea snakes (Shoals:4)
  A golden dragon skeleton (D:15)
  3 harpies
  2 orb spiders (Spider:2)
  2 manticores
  A faun (Shoals:1)
  5 wolf spiders
  A water nymph (Shoals:1)
  A cane toad (Lair:4)
  2 demonic crawlers
  6 jumping spiders
  2 merfolk (Shoals:4)
  A polar bear (Lair:5)
  A hornet (Spider:1)
  2 blink frogs
  A snapping turtle (Shoals:4)
  2 tarantellas (Spider:1)
  17 redbacks
  3 water elementals
  An orc warrior (Orc:2)
  A black bear (Lair:1)
  2 wolves (Lair:4)
  An ogre (D:12)
  A wight (D:11)
  An orc priest (D:11)
  An orc wizard (D:11)
  A hound skeleton (D:6)
  3 orcs (D:11)
  2 goblins
  A quokka (D:3)
  A frilled lizard (D:3)
79 creatures vanquished.

Vanquished Creatures (others)
  A meliai (D:14)
  A hound (D:10)
  49 fungi
  95 plants
  14 withered plants
160 creatures vanquished.

Grand Total: 1122 creatures vanquished

Notes
Turn   | Place    | Note
-------+----------+-------------------------------------------
     0 | D:1      | raph the Deep Dwarf Necromancer began the quest for the
                  | Orb.
     0 | D:1      | Reached XP level 1. HP: 15/15 MP: 3/3
    24 | D:1      | Learned a level 1 spell: Animate Skeleton
   471 | D:1      | Reached XP level 2. HP: 22/22 MP: 2/4
  1413 | D:1      | Reached XP level 3. HP: 26/28 MP: 4/6
  1565 | D:1      | Learned a level 3 spell: Vampiric Draining
  1728 | D:1      | You fall into a shaft and drop 1 floor!
  2352 | D:2      | Reached skill level 5 in Necromancy
  2440 | D:2      | Reached XP level 4. HP: 30/36 MP: 4/7
  3294 | D:2      | Found a runed translucent door.
  3295 | D:2      | Noticed Crazy Yiuf
  3303 | D:2      | Killed Crazy Yiuf
  3544 | D:2      | Reached XP level 5. HP: 42/42 MP: 1/8
  3624 | D:2      | Found a stormy altar of Qazlal.
  4645 | D:3      | Learned a level 4 spell: Animate Dead
  5538 | D:4      | Found an ancient bone altar of Kikubaaqudgha.
  5545 | D:4      | Became a worshipper of Kikubaaqudgha
  5745 | D:3      | Reached skill level 6 in Necromancy
  5745 | D:3      | Reached XP level 6. HP: 40/49 MP: 0/10
  5874 | D:4      | Noticed Edmund
  5916 | D:4      | You fall into a shaft and drop 2 floors!
  6044 | D:5      | Entered Level 5 of the Dungeon
  6364 | D:4      | Learned a level 1 spell: Magic Dart
  7377 | D:4      | Killed Edmund
  7378 | D:4      | Reached skill level 5 in Stealth
  7378 | D:4      | Reached XP level 7. HP: 49/55 MP: 0/11
  7608 | D:5      | Learned a level 2 spell: Blink
  7783 | D:5      | Found Cafaef's Distillery.
  7790 | D:5      | Bought 2 potions of curing for 60 gold pieces
  7795 | D:5      | Reached skill level 7 in Necromancy
  7908 | D:5      | Found a staircase to the Ecumenical Temple.
  7950 | D:5      | Reached * piety under Kikubaaqudgha
  7950 | D:5      | Identified Kikubaaqudgha's Papyrus of Black Arts
                  | (Kikubaaqudgha gifted it to you on level 5 of the Dungeon)
  7950 | D:5      | Received a gift from Kikubaaqudgha
  8227 | D:6      | Noticed Duvessa
  8227 | D:6      | Noticed Dowan
  8238 | D:6      | Killed Duvessa
  8239 | D:6      | Reached skill level 1 in Fighting
  8241 | D:6      | Killed Dowan
  8376 | D:6      | Found Akurr's Weapon Emporium.
  8605 | D:6      | Noticed Blork the orc
  8612 | D:6      | Killed Blork the orc
  8613 | D:6      | Reached XP level 8. HP: 64/64 MP: 8/13
  8775 | D:6      | Reached skill level 1 in Short Blades
  9085 | D:6      | Reached skill level 5 in Dodging
  9662 | D:7      | Got scorched pearl dragon scales
  9673 | D:7      | Identified the cursed +0 pearl dragon scales of the
                  | Bespelled Slorg {Harm rElec rN+ Str+3} (You found it on
                  | level 7 of the Dungeon)
  9684 | D:7      | Reached skill level 8 in Necromancy
 10234 | D:7      | Found Foomm's Antique Armour Shop.
 10243 | D:7      | Bought a pair of embroidered boots for 225 gold pieces
 10276 | D:7      | Reached skill level 1 in Armour
 10737 | D:7      | Found a runed translucent door.
 10740 | D:7      | Noticed Galthrax's ghost (novice OpIE)
 11485 | D:8      | Found Pinileaf's Weapon Boutique.
 11547 | D:8      | Gained mutation: You passively map the area around you.
                  | [Deep Dwarf growth]
 11547 | D:8      | Reached XP level 9. HP: 47/74 MP: 2/15
 11702 | D:8      | Found a runed translucent gate.
 11703 | D:8      | Found a runed translucent gate.
 11706 | D:8      | Found Loraed's General Store.
 11709 | D:8      | Bought a potion of magic for 112 gold pieces
 11728 | D:8      | Found a blossoming altar of Fedhas.
 11734 | D:8      | Reached ** piety under Kikubaaqudgha
 11768 | D:8      | Found a snail-covered altar of Cheibriados.
 11768 | D:8      | Found a white marble altar of Elyvilon.
 12059 | D:8      | Found a runed translucent gate.
 12060 | D:8      | Noticed sking99's ghost (novice HOFi)
 12061 | D:8      | Noticed kalagan's ghost (novice DECj)
 12260 | D:8      | Found Leur's Assorted Antiques.
 12352 | D:8      | Reached skill level 9 in Necromancy
 12621 | D:9      | Noticed Erolcha
 12634 | D:9      | Killed Erolcha
 12762 | D:9      | Found a staircase to the Lair.
 12944 | D:9      | Found Jiczus's General Store.
 12951 | D:9      | Bought a potion of heal wounds for 65 gold pieces
 12959 | D:9      | Learned a level 5 spell: Agony
 13220 | D:8      | Reached XP level 10. HP: 76/84 MP: 1/17
 13347 | D:8      | Reached skill level 5 in Short Blades
 13576 | D:9      | Reached skill level 5 in Spellcasting
 13805 | D:9      | Noticed a stone giant
 14178 | D:10     | Entered Level 10 of the Dungeon
 14303 | D:10     | Reached skill level 10 in Necromancy
 14395 | Lair:1   | Entered Level 1 of the Lair of Beasts
 14668 | Lair:1   | Reached skill level 5 in Armour
 14685 | Lair:1   | Reached *** piety under Kikubaaqudgha
 14685 | Lair:1   | Identified Kikubaaqudgha's Grimoire of Dark Magic
                  | (Kikubaaqudgha gifted it to you on level 1 of the Lair of
                  | Beasts)
 14685 | Lair:1   | Received a gift from Kikubaaqudgha
 14889 | Lair:1   | Reached XP level 11. HP: 23/93 MP: 15/19
 15574 | Lair:2   | Found a hole to the Spider Nest.
 15574 | Lair:2   | Noticed a wolf spider
 16031 | Lair:2   | Killed a wolf spider
 16424 | Lair:2   | Reached skill level 11 in Necromancy
 17563 | Lair:2   | Found a staircase to the Shoals.
 18567 | Lair:3   | Reached skill level 12 in Necromancy
 18596 | Lair:3   | Noticed an oklob plant
 18717 | Lair:3   | Noticed an oklob plant
 19877 | Lair:3   | Reached XP level 12. HP: 85/100 MP: 18/22
 19886 | Lair:3   | Learned a level 5 spell: Borgnjor's Vile Clutch
 19937 | Lair:4   | Reached skill level 1 in Earth Magic
 19977 | Lair:4   | Reached **** piety under Kikubaaqudgha
 20646 | Lair:4   | Noticed a five-headed hydra
 20658 | Lair:4   | Killed a five-headed hydra
 20896 | Lair:4   | Noticed a catoblepas
 20933 | Lair:4   | Killed a catoblepas
 20934 | Lair:4   | Noticed an eight-headed hydra
 21061 | Lair:4   | Killed an eight-headed hydra
 21289 | Lair:4   | Reached skill level 13 in Necromancy
 21422 | Lair:4   | Noticed a death yak
 21444 | Lair:4   | Reached skill level 5 in Earth Magic
 21449 | Lair:4   | Killed a death yak
 22235 | Lair:5   | Reached ***** piety under Kikubaaqudgha
 22805 | Lair:5   | Noticed a six-headed hydra
 22815 | Lair:5   | Killed a six-headed hydra
 22929 | Lair:5   | Reached skill level 10 in Short Blades
 23839 | D:10     | Reached XP level 13. HP: 108/108 MP: 12/24
 24128 | D:10     | Found a transporter.
 24132 | D:10     | Found a transporter.
 24138 | D:10     | Noticed Jaiteiro's ghost (journeyman GnTm)
 24207 | D:10     | Learned a level 4 spell: Dispel Undead
 25308 | D:8      | Bought a glistering book for 435 gold pieces
 26820 | D:11     | Found a roughly hewn altar of Beogh.
 26820 | D:11     | Found a staircase to the Orcish Mines.
 26971 | D:11     | Found a runed translucent gate.
 26972 | D:11     | Found a runed translucent gate.
 26973 | D:11     | Found a runed translucent gate.
 26976 | D:11     | Found a viscous altar of Jiyva.
 26976 | D:11     | Noticed Jaiteiro's ghost (journeyman FoFi)
 27417 | Orc:1    | Entered Level 1 of the Orcish Mines
 27451 | Orc:1    | Reached skill level 5 in Fighting
 27688 | Orc:1    | Reached skill level 14 in Necromancy
 27866 | Orc:2    | Entered Level 2 of the Orcish Mines
 27957 | Orc:2    | Found Wazecu Sakhe's Antique Armour Boutique.
 28419 | Orc:2    | Found Bimpaid's Antique Weapon Emporium.
 28582 | Orc:2    | Noticed an orc warlord
 28921 | Orc:2    | Killed an orc warlord
 29481 | Orc:2    | Found Riney's General Store.
 29591 | Orc:2    | Found a staircase to the Elven Halls.
 29735 | Orc:2    | Found Hiph's Jewellery Shop.
 30696 | Orc:1    | Reached ****** piety under Kikubaaqudgha
 30960 | Orc:1    | Found a runed translucent door.
 30961 | Orc:1    | Noticed kazak's ghost (journeyman OpFE)
 31200 | Orc:1    | Killed kazak's ghost
 31599 | D:12     | Identified 3 scrolls of acquirement
 31599 | D:12     | Acquired Hen Zedgh's Catalogue of the Frostbite and
                  | Weightlessness
 31600 | D:12     | Acquired an uncursed staff of death
 31601 | D:12     | Acquired a +1 pair of gloves of strength
 31753 | D:12     | Noticed Maurice
 31766 | D:12     | Killed Maurice
 32287 | D:12     | Found a runed translucent door.
 32288 | D:12     | Noticed infcreate's ghost (journeyman GrFi)
 32373 | D:12     | Gained mutation: You resist negative energy. (rN+) [Deep
                  | Dwarf growth]
 32373 | D:12     | Reached XP level 14. HP: 112/120 MP: 17/26
 32986 | D:13     | Found Veevammi's General Store.
 34105 | D:14     | Reached skill level 15 in Necromancy
 34906 | D:14     | Noticed Nessos
 35267 | D:14     | Reached skill level 10 in Stealth
 35604 | D:14     | Killed Nessos
 35994 | D:14     | Noticed Snorg
 36001 | D:14     | Killed Snorg
 36271 | D:14     | Found a gate to the Vaults.
 36551 | D:15     | Entered Level 15 of the Dungeon
 38321 | D:15     | Found a staircase to the Depths.
 38441 | D:15     | Reached XP level 15. HP: 68/129 MP: 5/28
 38549 | D:15     | Reached skill level 10 in Dodging
 38549 | D:15     | Reached skill level 16 in Necromancy
 39712 | Orc:2    | Bought the ring "Peschur" {rElec Str+2 Dex+6} for 1303 gold
                  | pieces
 39858 | Shoals:1 | Entered Level 1 of the Shoals
 39892 | Shoals:1 | Learned a level 6 spell: Death Channel
 40628 | Lair:6   | Entered Level 6 of the Lair of Beasts
 40814 | Lair:5   | HP: 6/130 [komodo dragon (27)]
 42104 | Shoals:2 | Noticed Donald
 42121 | Shoals:2 | Killed Donald
 42788 | Shoals:2 | Noticed Polyphemus
 42950 | Shoals:2 | Killed Polyphemus
 43465 | Lair:6   | Reached skill level 10 in Spellcasting
 44143 | Lair:6   | Found a burning altar of Makhleb.
 44702 | Lair:6   | Acquired a +2 buckler of poison resistance
 44888 | Lair:6   | Reached XP level 16. HP: 139/139 MP: 17/30
 45255 | Lair:6   | Found a gateway to Hell.
 45469 | D:7      | Bought a shiny helmet for 225 gold pieces
 45469 | D:7      | Bought a smouldering leather armour for 210 gold pieces
 45499 | D:7      | Identified the +1 leather armour "Liulop" {*Corrode rPois
                  | Dex+2} (You bought it in a shop on level 7 of the Dungeon)
 45616 | D:7      | Learned a level 3 spell: Stone Arrow
 45890 | D:7      | Killed Galthrax's ghost
 45987 | D:8      | Killed sking99's ghost
 45988 | D:8      | Reached skill level 1 in Shields
 45988 | D:8      | Killed kalagan's ghost
 46253 | D:10     | Killed Jaiteiro's ghost
 46254 | D:10     | Reached skill level 17 in Necromancy
 46477 | D:11     | Killed Jaiteiro's ghost
 46487 | D:11     | Reached skill level 10 in Earth Magic
 46767 | D:12     | Killed infcreate's ghost
 49249 | Shoals:3 | Learned a level 5 spell: Lee's Rapid Deconstruction
 49257 | Shoals:3 | Learned a level 6 spell: Simulacrum
 49277 | Shoals:4 | Entered Level 4 of the Shoals
 49478 | Shoals:4 | Reached skill level 1 in Ice Magic
 49807 | Shoals:4 | Got a barnacled rune of Zot
 50115 | Spider:1 | Entered Level 1 of the Spider Nest
 51407 | Spider:2 | Noticed Aizul
 51954 | Spider:2 | Killed Aizul
 52994 | Spider:3 | Learned a level 2 spell: Passwall
 53496 | Spider:4 | Entered Level 4 of the Spider Nest
 53573 | Spider:3 | Reached XP level 17. HP: 144/146 MP: 12/32
 54865 | Vaults:1 | Entered Level 1 of the Vaults
 55150 | D:14     | Reached skill level 18 in Necromancy
 55874 | Vaults:1 | HP: 7/150 [very large slime creature (41)]
 55884 | Vaults:1 | Annihilated by a very large slime creature

Illustrated notes

Levels and vault maps discovered:
D:1:      minmay_arrival_split_and_join, layout_basic,
          chequers_serial_rivers_large_b, minmay_circled_x
D:2:      layout_loops_ring, minmay_crystal_room,
          nicolae_qazlal_eye_of_the_storm, uniq_crazy_yiuf_cottage
D:3:      layout_loops_cross
D:4:      layout_rooms, kiku_gazebo_pond_becter, kennysheep_generic_room_7,
          uniq_edmund
D:5:      layout_basic, minmay_temple_entry_offerings, serial_shops,
          nicolae_shop_stone, chequers_serial_rivers_micro_b,
          hangedman_decor_points, kennysheep_generic_room_13
D:6:      layout_loops_cross, serial_shops, nicolae_shop_crystal,
          grunt_tough_drop, uniq_duvessa, uniq_blork_the_orc
D:7:      layout_basic, serial_shops, shop, ebering_ghost_reflecting_pool
D:8:      layout_gridville, minitemple, serial_shops, shop_fountains,
          kennysheep_mini, kennysheep_little_box, gammafunk_ghost_cemetery,
          hangedman_decor_peaks_small
D:9:      layout_gridville, david_lair_generic, serial_shops, shop,
          kennysheep_island_fort, uniq_erolcha
D:10:     layout_basic, gammafunk_ghost_hive
D:11:     layout_stronghold, david_orc_5, gammafunk_ghost_ooze,
          chequers_arboretum
D:12:     layout_irregular_city, ebering_ghost_reflecting_pool, uniq_maurice
D:13:     layout_basic, serial_shops, shop
D:14:     layout_cave_pods, david_vaults_5, serial_bayou_pond_b,
          minmay_lindwurm_lava, uniq_snorg, uniq_nessos
D:15:     gammafunk_depths_entry_grave, layout_layer_cave,
          gauntlet_entry_generic
Lair:1:   layout_regular_city, nicolae_quartered_pool_medium,
          beast_lair_carwin_6
Lair:2:   layout_regular_city, minmay_shoals_entry_centaurs,
          spider_nest_entry_rubble
Lair:3:   layout_regular_city, minmay_lair_oklob_chamber,
          infiniplex_staircase_pool_2
Lair:4:   layout_misc_corridors, nicolae_lair_yak_garden
Lair:5:   layout_gridlike
Lair:6:   evil_forest, layout_layer_cave, minmay_slime_entry_oklob_enclosed,
          portal_ice_cave_demonic_guard
Shoals:1: layout_shoals, nicolae_shoals_water_shrine
Shoals:2: layout_shoals, uniq_donald, uniq_polyphemus
Shoals:3: layout_shoals
Shoals:4: shoals_end_grunt_ice, layout_shoals,
          nicolae_shoals_kraken_intersection
Spider:1: layout_spider_delve
Spider:2: layout_spider_delve, uniq_aizul
Spider:3: layout_spider_delve
Spider:4: spider_rune_water
Orc:1:    layout_caves, gammafunk_ghost_grave
Orc:2:    grunt_orc_gardens, layout_caves, grunt_orc_garden, grunt_orc_garden,
          grunt_orc_garden, grunt_orc_garden, nicolae_orc_tapped_out
Vaults:1: ontoclasm_vaults_ligature, vaults_room_hangedman_quadrants,
          hangedman_vaults_pinch, vaults_room_grunt_arrival_ludios,
          ontoclasm_vaults_tryst, v_alt_pattern_3,
          vaults_mumra_minichess_inversion, v_misc_15, v_misc_28,
          vaults_dpeg_doors, ontoclasm_vaults_eye, v_misc_24,
          grunt_vaults_twisty, layout_vaults_omnibox

Skill      XL: |  1  2  3  4  5  6  7  8  9 10 11 12 13 14 15 16 17 |
---------------+----------------------------------------------------+-----
Spellcasting   | 2 3 4 5 6 7 8 9 10 11 12 | 12.3
Stealth        | 3 4 5 6 7 9 10 11 | 11.5
Necromancy     | 5 6 7 8 9 10 12 13 14 15 16 17 18 | 18.3
Dodging        | 3 4 5 6 7 8 9 10 | 10.4
Fighting       | 1 2 3 4 6 7 8 9 |  9.0
Short Blades   | 3 4 6 8 10 | 10.0
Armour         | 2 4 5 7 8 9 |  9.2
Earth Magic    | 7 9 11 | 11.9
Shields        | 4 |  4.0
Ice Magic      | 3 |  3.6
Evocations     | |  0.2

Action                   |  1- 3 |  4- 6 |  7- 9 | 10-12 | 13-15 | 16-18 || total
-------------------------+-------+-------+-------+-------+-------+-------++-------
Melee: Whip              |     5 |    33 |       |       |       |       ||    38
       Dire flail        |       |       |    32 |       |       |       ||    32
       Dagger            |       |       |   183 |   450 |   448 |   238 ||  1319
       Staff             |       |       |       |       |       |    23 ||    23
Throw: Stone             |       |     1 |       |       |       |     1 ||     2
 Cast: Pain              |    76 |   108 |    49 |    33 |    26 |     1 ||   293
       Animate Skeleton  |    12 |    10 |     1 |    12 |    17 |       ||    52
       Vampiric Draining |     1 |    27 |    51 |   144 |   348 |   218 ||   789
       Magic Dart        |       |     3 |    19 |       |    13 |       ||    35
       Animate Dead      |       |       |     5 |    18 |    42 |    11 ||    76
       Blink             |       |       |     1 |       |    10 |    11 ||    22
       Borgnjor's Vile C |       |       |       |    39 |   231 |    57 ||   327
       Agony             |       |       |       |     3 |    19 |     4 ||    26
       Dispel Undead     |       |       |       |       |    48 |    18 ||    66
       Death Channel     |       |       |       |       |     1 |     1 ||     2
       Lee's Rapid Decon |       |       |       |       |       |    71 ||    71
       Simulacrum        |       |       |       |       |       |    42 ||    42
       Stone Arrow       |       |       |       |       |       |    10 ||    10
       Passwall          |       |       |       |       |       |     1 ||     1
Invok: Receive Corpses   |       |       |     1 |     1 |     4 |     5 ||    11
 Abil: Heal Wounds       |       |       |       |       |     1 |     3 ||     4
Evoke: Wand              |       |     3 |     4 |     2 |     9 |       ||    18
  Use: Scroll            |     8 |     9 |     9 |     5 |    18 |     6 ||    55
       Potion            |       |       |       |     4 |    10 |     8 ||    22
 Stab: Sleeping          |     1 |     1 |    10 |    11 |    35 |     4 ||    62
       Distracted        |       |       |     2 |     1 |     2 |     1 ||     6
Armor: Robe              |     2 |    25 |       |       |       |   193 ||   220
       Leather armour    |       |       |    65 |   135 |   262 |       ||   462
       Pearl dragon scal |       |       |    10 |       |       |       ||    10
Dodge: Dodged            |    19 |    95 |   275 |   471 |   940 |   712 ||  2512
Block: Buckler           |       |       |       |       |     2 |   281 ||   283
